 Dungeon Crawl Stone Soup version 0.31-a0-765-g67fe2935dc (webtiles) character file.

Game seed: 6276471014396411851

3924 Dittersdorf the Thaumaturge (level 10, 0/63 HPs)
             Began as a Mummy Necromancer on Sept 15, 2023.
             Was an Initiate of Gozag.
             Slain by a wyvern (10 damage)
             ... on level 10 of the Dungeon.
             The game lasted 00:31:11 (11287 turns).

Dittersdorf the Thaumaturge (Mummy Necromancer)    Turns: 11287, Time: 00:31:12

Health: 0/63       AC:  8    Str: 14    XL:     10   Next: 1%
Magic:  19/23      EV: 14    Int: 18    God:    Gozag
Gold:   596        SH:  9    Dex: 14    Spells: 26/27 levels left

rFire   x . .        q - +5 rapier of Instant Death {freeze, Str+3 SInv Stlth+}
rCold   + . .        w - +0 buckler
rNeg    + + +        a - +1 robe
rPois   ∞            j - +0 helmet
rElec   .            t - +0 cloak
rCorr   +            (no gloves)
SInv    +            p - +2 pair of boots {Fly}
Will    +....        s - amulet of reflection
Stlth   ++++         b - ring of see invisible
HPRegen 0.30/turn    k - ring of resist corrosion
MPRegen 0.18/turn

%: reflection, faith
@: gold aura, flying
A: cold resistance 1, negative energy resistance 3, torment resistance 2, heat
vulnerability 1, in touch with death 1, no potions, faith
a: Renounce Religion, Potion Petition, Call Merchant, Bribe Branch


You were on level 10 of the Dungeon.
You worshipped Gozag.
Gozag was pleased with you.
You visited 1 branch of the dungeon, and saw 10 of its levels.
You also visited: Sewer.

You collected 1735 gold pieces.
You spent 1121 gold pieces at shops.
You paid 18 gold pieces to Gozag.

Inventory:

Hand Weapons
 q - the +5 rapier of Instant Death (weapon) {freeze, Str+3 SInv Stlth+}
   (You acquired it on level 6 of the Dungeon)

   Str+3:     It affects your strength (+3).
   SInv:      It lets you see invisible.
   Stlth+:    It makes you more stealthy.
Missiles
 l - 5 curare-tipped darts
 o - a throwing net
Armour
 a - a +1 robe (worn)
 j - a +0 helmet (worn)
 m - a +2 ring mail of willpower
 p - a +2 pair of boots of flying (worn)
 t - a +0 cloak (worn)
 w - a +0 buckler (worn)
Jewellery
 b - a ring of see invisible (left hand)
 g - a ring of ice
 k - a ring of resist corrosion (right hand)
 s - an amulet of reflection (around neck)
 u - a ring of willpower
Wands
 f - a wand of mindburst (22)
 h - a wand of roots (2)
 v - a wand of acid (6)
Scrolls
 c - a scroll of identify
 d - 2 scrolls of torment
 e - 2 scrolls of amnesia
 i - a scroll of fear
 n - 3 scrolls of revelation
 r - a scroll of enchant armour
 x - a scroll of blinking
 y - a scroll of fog


   Skills:
 + Level 6.2 Dodging
 + Level 6.7 Stealth
 + Level 9.1 Spellcasting
 + Level 8.3 Necromancy


You had 26 spell levels left.
You knew the following spells:

 Your Spells              Type           Power      Damage    Failure   Level
a - Necrotise             Necr           100%       1d9       1%          1

Your spell library contained the following spells:

 Spells                   Type           Power      Damage    Failure   Level
 Vampiric Draining        Necr           55%        2d9       1%          3
 Agony                    Necr           55%        N/A       11%         5
 Apportation              Tloc           16%        N/A       12%         1
 Summon Small Mammal      Summ           32%        N/A       12%         1
 Blink                    Tloc           16%        N/A       19%         2
 Ensorcelled Hibernation  Hex/Ice        16%        N/A       19%         2
 Lesser Beckoning         Tloc           16%        N/A       19%         2
 Momentum Strike          Conj/Tloc      16%        3d8       19%         2
 Passwall                 Tmut/Erth      6%         N/A       19%         2
 Call Canine Familiar     Summ           8%         N/A       34%         3
 Inner Flame              Hex/Fire       8%         N/A       34%         3
 Sigil of Binding         Hex            8%         N/A       34%         3
 Summon Guardian Golem    Hex/Summ       8%         N/A       34%         3
 Swiftness                Air            8%         N/A       34%         3
 Dimensional Bullseye     Hex/Tloc       4%         N/A       75%         4
 Flame Wave               Conj/Fire      8%         2d5       75%         4
 Leda's Liquefaction      Hex/Erth       4%         N/A       75%         4
 Sticky Flame             Conj/Fire      8%         2d3       75%         4
 Animate Dead             Necr           Unusable   N/A       N/A         4

Dungeon Overview and Level Annotations

Branches:
Dungeon (10/15)            Temple (0/1) D:4           Sewer (visited)
   Lair: D:8-11         Orc: D:9-12

Altars:
Ashenzari
Cheibriados
Fedhas
Gozag
Hepliaklqana
Makhleb
Sif Muna
Uskayaw
Vehumet

Shops:
D:6 :?   D:7 *


Innate Abilities, Weirdness & Mutations

You are immune to poison.
Your flesh is cold resistant. (rC+)
You are immune to negative energy. (rN+++)
You are immune to unholy pain and torment.
You are vulnerable to heat. (rF-)
You are in touch with the powers of death.
You do not drink.
You have a special connection with the divine. (Faith)


Message History

Aim: a howler monkey (moderately wounded, catching its breath, chance to affect: 88%)
You feel a surge of power!
The howler monkey writhes in agony.
You start resting.
A wyvern comes into view.
Aiming: Necrotise (safe; 1% risk of failure)
Press: ? - help, Q - select action, (/) - cycle Shift-Dir - straight line, f/p - howler monkey
Aim: a howler monkey (heavily wounded, chance to affect: 88%)
You feel a surge of power!
The howler monkey barely resists.
Aiming: Necrotise (safe; 1% risk of failure)
Press: ? - help, Q - select action, (/) - cycle Shift-Dir - straight line, f/p - howler monkey
Aim: a howler monkey (heavily wounded, chance to affect: 88%)
You feel a surge of power!
The howler monkey writhes in agony.
The howler monkey hoots and howls with incredible vigour!
Aiming: Necrotise (safe; 1% risk of failure)
Press: ? - help, Q - select action, (/) - cycle Shift-Dir - straight line, f/p - howler monkey
Aim: a howler monkey (severely wounded, catching its breath, chance to affect: 88%)
You feel a surge of power!
The howler monkey writhes in agony!
You kill the howler monkey!
Aiming: Necrotise (safe; 1% risk of failure)
Press: ? - help, Q - select action, (/) - cycle Shift-Dir - straight line, f - wyvern
Aim: a wyvern (chance to affect: 83%)
You feel a surge of power!
The wyvern barely resists.
You hit the wyvern. You freeze the wyvern.
The wyvern is lightly wounded.
The wyvern bites you! x2
You closely miss the wyvern.
The wyvern is lightly wounded.
The wyvern bites you! The wyvern bites you.
You hit the wyvern. You freeze the wyvern.
The wyvern is moderately wounded.
The wyvern barely misses you. The wyvern bites you!
* * * LOW HITPOINT WARNING * * *
You completely miss the wyvern.
The wyvern is moderately wounded.
The wyvern completely misses you. The wyvern closely misses you.
You hit the wyvern but do no damage.
The wyvern is moderately wounded.
The wyvern bites you!
You die...
Your body crumbles into a pile of gold.

..# ..# ).# ..
.#
#######.######
##.....l.......
.......@.#
########.# .#
.. .## ##


You could see a wyvern.

Vanquished Creatures
  A two-headed ogre (D:9)
  A troll (D:7)
  A hornet (D:7)
  Sigmund (D:3)
  2 water moccasins
  2 ice beasts (D:5)
  2 orc warriors
  5 kobold brigands
  3 gnoll sergeants
  A bullfrog (D:8)
  2 scorpions (D:5)
  2 howler monkeys
  2 jellies
  6 hounds
  11 orc priests
  Crazy Yiuf (D:7)
  A gnoll bouda (D:5)
  Ijyb (D:2)
  3 orc wizards
  4 iguanas
  Robin (D:2)
  20 gnolls
  13 adders
  2 river rats (Sewer)
  A shadow imp (D:7)
  A white imp (D:6)
  2 ufetubi
  5 worms
  3 dart slugs
  29 orcs
  7 ball pythons
  5 endoplasms
  4 giant cockroaches
  14 goblins
  9 hobgoblins
  2 jackals
  7 quokkas
  6 bats
  9 frilled lizards
  29 kobolds
  10 rats
231 creatures vanquished.

Notes
Turn   | Place    | Note
-------+----------+-------------------------------------------
     0 | D:1      | Dittersdorf the Mummy Necromancer began the quest for the
                  | Orb.
     0 | D:1      | Reached XP level 1. HP: 13/13 MP: 4/4
   389 | D:1      | Found a faded altar of an unknown god.
   423 | D:1      | Reached XP level 2. HP: 19/19 MP: 2/5
   735 | D:1      | You fall into a shaft and drop 1 floor!
   741 | D:2      | Found an opulent altar of Gozag.
   750 | D:2      | Became a worshipper of Gozag Ym Sagoz the Greedy
   754 | D:2      | Reached skill level 3 in Spellcasting
   955 | D:2      | Noticed Robin
  1084 | D:1      | Reached XP level 3. HP: 24/24 MP: 2/7
  1459 | D:2      | Killed Robin
  1989 | D:2      | Reached XP level 4. HP: 30/30 MP: 4/9
  2462 | D:3      | Noticed Ijyb
  2517 | D:2      | Killed Ijyb
  2677 | D:3      | Noticed Sigmund
  2683 | D:3      | Killed Sigmund
  2684 | D:3      | Reached skill level 4 in Spellcasting
  2684 | D:3      | Reached skill level 5 in Necromancy
  2684 | D:3      | Reached XP level 5. HP: 35/35 MP: 9/11
  2684 | D:3      | Reached XP level 6. HP: 41/41 MP: 9/12
  2853 | D:3      | Found a shimmering blue altar of Sif Muna.
  3712 | D:4      | Found a staircase to the Ecumenical Temple.
  3725 | D:4      | Found a burning altar of Makhleb.
  3736 | D:4      | Reached skill level 5 in Spellcasting
  3821 | D:4      | Reached XP level 7. HP: 46/46 MP: 8/14
  4504 | D:5      | Entered Level 5 of the Dungeon
  4902 | D:5      | Reached skill level 6 in Spellcasting
  5127 | D:5      | Reached XP level 8. HP: 39/52 MP: 17/17
  5801 | D:6      | Found Peyxzihi's Magic Scroll Shoppe.
  5810 | D:6      | Bought a scroll of acquirement for 676 gold pieces
  5810 | D:6      | Bought a scroll of enchant armour for 97 gold pieces
  5810 | D:6      | Acquired the +5 rapier of Instant Death {freeze, Str+3 SInv
                  | Stlth+}
  5875 | D:6      | Reached skill level 5 in Stealth
  5945 | D:6      | Found a glowing drain.
  5960 | Sewer    | Entered a sewer
  6453 | D:6      | Reached skill level 7 in Spellcasting
  7014 | D:6      | Found Qeniepam's Book Shoppe.
  7018 | D:6      | Bought a book of Spatial Translocations for 198 gold pieces
  7182 | D:7      | Found a runed translucent door.
  7183 | D:7      | Noticed Crazy Yiuf
  7242 | D:7      | Found a radiant altar of Vehumet.
  7335 | D:6      | Reached skill level 5 in Dodging
  7494 | D:7      | Found Ybluxt's Assorted Antiques.
  7497 | D:7      | Bought a transparent jade amulet for 125 gold pieces
  7497 | D:7      | Identified the amulet "Rubeorho" {RegenMP -Tele *Corrode
                  | Str+2 Int+8} (You bought it in a shop on level 7 of the
                  | Dungeon)
  7498 | D:7      | Bought a scroll labelled LIEHYERCH ERUTI for 25 gold pieces
  7503 | D:7      | Noticed a troll
  7773 | D:7      | Found a hazy altar of Hepliaklqana.
  7859 | D:7      | Killed a troll
  7860 | D:7      | Reached XP level 9. HP: 17/57 MP: 15/20
  8010 | D:7      | Found a snail-covered altar of Cheibriados.
  8010 | D:7      | Found a broken altar of Ashenzari.
  8011 | D:7      | Found a blossoming altar of Fedhas.
  8330 | D:7      | Killed Crazy Yiuf
  8775 | D:7      | Reached skill level 8 in Spellcasting
  9674 | D:8      | Noticed a +0 spear
  9675 | D:8      | Noticed a +0 spear
  9697 | D:8      | Noticed a +0 dagger
  9698 | D:8      | Noticed a +0 dagger
  9699 | D:8      | Noticed a +0 short sword
  9705 | D:8      | Noticed a +0 falchion
  9706 | D:8      | Noticed a +0 falchion
  9707 | D:8      | Noticed a +0 short sword
  9710 | D:8      | Found a hide-covered altar of Uskayaw.
  9930 | D:9      | Noticed a two-headed ogre
  9954 | D:9      | Killed a two-headed ogre
  9955 | D:9      | Reached skill level 9 in Spellcasting
 10911 | D:9      | Reached XP level 10. HP: 58/63 MP: 16/23
 11024 | D:9      | Noticed a boulder beetle
 11275 | D:10     | Entered Level 10 of the Dungeon
 11287 | D:10     | Slain by a wyvern

Illustrated notes

Levels and vault maps discovered:
D:1:      wander_arrival_chamber, layout_loops_corners,
          dreamdust_ecumenical_altar_hidden_monk_grotto
D:2:      layout_rooms, basic_altar, minmay_misc_feat_more_columns,
          kennysheep_cluttered_room, minmay_tiny_reverse_x, uniq_robin
D:3:      layout_rooms, kennysheep_orc_sif_temple, mrwooster_statue_mirror,
          uniq_ijyb, uniq_sigmund
D:4:      layout_basic, makhleb_heckhound_becter, minmay_temple_entry_hall,
          hangedman_abyss_or_decor_stabs, st_stairs_11
D:5:      layout_cave_pools
D:6:      layout_gridville, gup_sewer_entry_pipe, serial_shops, shop,
          minmay_shop_grid_forest, minmay_misc_feat_tower
D:7:      layout_basic, overflow_temple_1_default,
          gammafunk_temple_overflow_forgotten, fiery_altar_vehumet,
          serial_shops, shop, uniq_crazy_yiuf_cottage
D:8:      layout_rooms, nicolae_uskayaw_en_pointe
D:9:      layout_basic
D:10:     layout_loops_ring, mainiacjoe_overflow_catwalk, erik_orc_1,
          fungi_pond_lemuel

Skill      XL: |  1  2  3  4  5  6  7  8  9 |
---------------+----------------------------+-----
Spellcasting   | 3 4 5 6 7 9 |  9.1
Stealth        | 2 3 4 5 6 |  6.7
Dodging        | 2 3 4 5 6 |  6.2
Necromancy     | 5 6 7 8 |  8.3

Action                     |  1- 3 |  4- 6 |  7- 9 | 10-12 || total
---------------------------+-------+-------+-------+-------++-------
  Melee: Dagger            |     5 |    69 |    79 |       ||   153
         Short sword       |    10 |     6 |       |       ||    16
         Rapier            |       |       |   220 |     5 ||   225
         Punch             |       |       |     2 |       ||     2
   Cast: Necrotise         |    68 |    73 |   225 |     6 ||   372
  Evoke: Wand              |       |     5 |    10 |       ||    15
    Use: Scroll            |       |     6 |     4 |       ||    10
   Stab: Sleeping          |       |       |     8 |       ||     8
         Distracted        |       |       |     3 |       ||     3
 Armour: Robe              |     7 |    42 |   168 |     6 ||   223
  Dodge: Dodged            |     9 |    69 |   199 |     3 ||   280
  Block: Other             |       |       |    48 |       ||    48
         Buckler           |       |       |    10 |       ||    10
         Reflection        |       |       |     4 |       ||     4

Table legend: (Time is in decaauts)
 A = Elapsed time spent in this place.
 B = Non-inter-level travel time spent in this place.
 C = Inter-level travel time spent in this place.
 D = Time resting spent in this place.
 E = Time spent auto-exploring this place.
 F = Levels seen in this place.
 G = Mean time per level.
                   A        B        C        D        E       F      G
               +--------+--------+--------+--------+--------+-----+--------+
         Total |  11372 |  11010 |    362 |   2927 |   5494 |  11 | 1033.8 |
       Dungeon |  11012 |  10650 |    362 |   2921 |   5299 |  10 | 1101.2 |
         Sewer |    360 |    360 |      0 |      6 |    195 |   1 |  360.0 |
               +--------+--------+--------+--------+--------+-----+--------+

Top non-repeatable levels by time:
     D:7: 1910 daAuts
     D:2: 1286 daAuts
     D:4: 1248 daAuts
     D:1: 1247 daAuts
     D:5: 1231 daAuts
     D:8: 1222 daAuts
     D:6: 1075 daAuts
     D:9: 942 daAuts
     D:3: 834 daAuts
   Sewer: 360 daAuts
    D:10: 12 daAuts
